 Dungeon Crawl Stone Soup version 0.27.1 (webtiles) character file.

Game seed: 113440426446440272

270 r3algoood the Magician (level 6, -7/32 HPs)
             Began as a Deep Elf Hedge Wizard on Sept 2, 2021.
             Mangled by an ice beast (12 damage)
             ... on level 5 of the Dungeon.
             The game lasted 00:19:30 (6530 turns).

r3algoood the Magician (Deep Elf Hedge Wizard)      Turns: 6530, Time: 00:19:30

Health: -7/32      AC:  4    Str:  7    XL:     6   Next: 1%
Magic:  4/17       EV: 13    Int: 21    God:
Gold:   205        SH:  0    Dex: 14    Spells: 3/17 levels left

rFire    . . .     SeeInvis .   u - +0 mace (drain)
rCold    . . .     Faith    .   (no shield)
rNeg     . . .     Spirit   .   b - +0 robe
rPois    .         Reflect  .   c - +0 hat
rElec    .         Harm     .   w - +0 cloak
rCorr    .         Rampage  .   y - +0 pair of gloves
Will     .....                  (no boots)
Stlth    ++........             (no amulet)
HPRegen  0.10/turn              (no ring)
MPRegen  0.15/turn              (no ring)

@: no status effects
A: no striking features
a: no special abilities


You were on level 5 of the Dungeon.
You visited 1 branch of the dungeon, and saw 6 of its levels.

You collected 205 gold pieces.

Inventory:

Hand Weapons
 a - a +0 dagger
 m - a +0 short sword of freezing
 u - a +0 mace of draining (weapon)
 v - a +4 quarterstaff of chaos
Missiles
 d - 11 poisoned darts
Armour
 b - a +0 robe (worn)
 c - a +0 hat (worn)
 r - a scarf of harm
 w - a +0 cloak (worn)
 y - a +0 pair of gloves (worn)
Wands
 B - a wand of flame (22)
Scrolls
 e - a scroll of blinking {unknown}
 f - a scroll of immolation
 i - 5 scrolls of enchant armour {unknown}
 j - 3 scrolls of vulnerability {unknown}
 k - a scroll of noise {unknown}
 l - a scroll of magic mapping {unknown}
 n - 4 scrolls of identify {unknown}
 q - a scroll of torment {unknown}
 A - a scroll of teleportation {unknown}
Potions
 g - 2 potions of curing {unknown}
 h - 2 potions of degeneration {unknown}
 o - a potion of haste {unknown}
 p - a potion of berserk rage {unknown}
 s - 2 potions of might {unknown}
 t - a potion of invisibility {unknown}
 x - a potion of ambrosia {unknown}
 z - 2 potions of mutation {unknown}


   Skills:
 + Level 3.5 Dodging
 + Level 3.8 Stealth
 * Level 6.2 Spellcasting
 + Level 2.4 Conjurations
 + Level 2.5 Summonings
 + Level 2.4 Translocations


You had 3 spell levels left.
You knew the following spells:

 Your Spells              Type           Power      Damage    Failure   Level
a - Magic Dart            Conj           68%        1d6       3%          1
b - Blink                 Tloc           N/A        N/A       5%          2
c - Call Imp              Summ           17%        N/A       4%          2
d - Mephitic Cloud        Conj/Pois/Air  10%        N/A       21%         3
e - Gell's Gravitas       Tloc           8%         N/A       11%         3
f - Teleport Other        Tloc           17%        N/A       11%         3

Your spell library contained the following spells:

 Spells                   Type           Power      Damage    Failure   Level
 Slow                     Hex            6%         N/A       14%         2
 Conjure Flame            Conj/Fire      11%        6-21      17%         3
 Dispersal                Tloc           8%         N/A       99%         6


Dungeon Overview and Level Annotations

Branches:
Dungeon (6/15)
 Temple: D:4-7

Altars:

Shops:
D:4 :

Annotations:
D:5 Grinder


Message History

The kobold shouts! x2
The ice beast hits your shadow imp. The ice beast freezes your shadow imp.
Your shadow imp resists.
A kobold comes into view.
The kobold throws a stone.
The stone misses you.
A kobold comes into view.
Your shadow imp barely misses the ice beast.
The kobold shouts!
You hear a shout!
The ice beast hits your shadow imp. The ice beast freezes your shadow imp.
Your shadow imp resists.
Your shadow imp dies!
The kobold throws a stone.
The stone completely misses you.
Casting: Call Imp (safe; 4% risk of failure)
Confirm with . or Enter, or press ? or * to list all spells.
A beastly little devil appears in a puff of frigid air.
The kobold throws a stone.
The stone closely misses you.
You hit the ice beast but do no damage.
The ice beast is severely wounded.
The ice beast hits you but does no damage.
Grinder comes into view.
The kobold throws a stone.
The stone barely misses you.
The kobold throws a stone.
The stone hits you but does no damage.
The kobold throws a stone.
The stone hits you but does no damage. The ice beast barely misses you.
The kobold throws a stone.
The stone misses you.
Your white imp hits the ice beast.
Your white imp freezes the ice beast.
The ice beast completely resists.
The kobold throws a stone.
The stone hits you but does no damage. The ice beast hits you.
The ice beast freezes you.
The kobold throws a stone.
The stone hits you.
Your white imp barely misses the ice beast.
The ice beast hits you. The ice beast freezes you!
* * * LOW HITPOINT WARNING * * *
Your white imp hits the ice beast but does no damage.
The kobold throws a stone.
The stone hits you but does no damage. The ice beast hits you.
* * * LOW HITPOINT WARNING * * *
The ice beast freezes you!
You die...

###################++
≈≈≈≈≈≈≈≈≈≈≈≈≈≈≈≈≈≈≈≈≈≈≈≈≈...
≈≈≈≈≈≈≈≈≈≈≈≈≈≈≈≈≈≈≈≈≈≈≈≈≈...
≈≈≈≈≈≈≈≈≈≈≈≈≈≈≈≈≈≈≈≈≈≈≈≈≈...
≈≈.≈.≈.≈≈≈≈≈≈≈≈≈≈≈.≈≈KK5≈...
.................5..K......Z
.................Y....K[....
................@.....K.....
............................
###########################.
..... .).... .# .≈# ....#
#....# ..# # ###
.......#....# ..# P.
5......#....##..####
.......+............
...5...#........#


You could see Grinder, an ice beast (ally target), 5 kobolds and a friendly
white imp (summoned).

Vanquished Creatures
  Crazy Yiuf (D:3)
  2 adders
  An adder skeleton (D:2)
  A dart slug (D:1)
  5 orcs
  5 bats
  3 endoplasms
  A giant cockroach (D:3)
  2 hobgoblins
  3 jackals (D:1)
  4 kobolds
  3 ball pythons
  9 frilled lizards
  4 goblins
  2 rats (D:3)
46 creatures vanquished.

Vanquished Creatures (collateral kills)
  An ogre (D:3)
  A bullfrog (D:6)
  A scorpion (D:6)
  A centaur skeleton (D:6)
  A bullfrog skeleton (D:6)
  An iguana (D:3)
  An adder (D:2)
  A white imp (D:4)
  3 worms
  An orc (D:4)
  An endoplasm (D:3)
  4 hobgoblins
  3 kobolds
  A quokka (D:3)
  A ball python (D:4)
  A goblin (D:3)
  A rat (D:2)
24 creatures vanquished.

Vanquished Creatures (others)
  5 fungi
  6 plants (D:3)
11 creatures vanquished.

Grand Total: 81 creatures vanquished

Notes
Turn   | Place    | Note
-------+----------+-------------------------------------------
     0 | D:1      | r3algoood the Deep Elf Hedge Wizard began the quest for the
                  | Orb.
     0 | D:1      | Reached XP level 1. HP: 10/10 MP: 7/7
   359 | D:1      | Reached XP level 2. HP: 15/15 MP: 3/9
   959 | D:1      | Found a faded altar of an unknown god.
  1254 | D:1      | You fall into a shaft and drop 1 floor!
  1927 | D:2      | Learned a level 2 spell: Blink
  1930 | D:2      | Learned a level 2 spell: Call Imp
  2077 | D:2      | Reached XP level 3. HP: 19/19 MP: 3/11
  2168 | D:2      | Reached skill level 5 in Spellcasting
  2888 | D:3      | Learned a level 3 spell: Mephitic Cloud
  2923 | D:3      | Learned a level 3 spell: Gell's Gravitas
  2940 | D:3      | Found a runed translucent door.
  2941 | D:3      | Noticed Crazy Yiuf
  3205 | D:3      | Reached XP level 4. HP: 22/24 MP: 1/13
  3433 | D:3      | Noticed an ogre
  3440 | D:3      | Killed an ogre
  3994 | D:3      | Learned a level 3 spell: Teleport Other
  4330 | D:3      | Killed Crazy Yiuf
  4331 | D:3      | Reached XP level 5. HP: 28/28 MP: 0/15
  5851 | D:4      | Found Xoithrit's Book Shoppe.
  5992 | D:5      | Entered Level 5 of the Dungeon
  5997 | D:5      | Noticed an ice beast
  6174 | D:6      | Reached skill level 6 in Spellcasting
  6332 | D:6      | Reached XP level 6. HP: 32/32 MP: 10/17
  6527 | D:5      | Noticed Grinder
  6530 | D:5      | Mangled by an ice beast

Illustrated notes

Levels and vault maps discovered:
D:1:      pf_arrival_petrified_forest, layout_basic,
          hellmonk_ecumenical_altar_blasted
D:2:      layout_basic
D:3:      layout_basic, minmay_lizard_king, uniq_crazy_yiuf_cottage
D:4:      layout_loops_cross, serial_shops, nicolae_shop_trees
D:5:      minmay_goblin_kobold_castle, layout_basic, serial_shops,
          nicolae_take_the_stairs, serial_aquarium, aquarium_bridge_long_joined
          [aquarium_subvault_wall, aquarium_subvault_wall,
          aquarium_subvault_window, aquarium_subvault_wall,
          aquarium_subvault_window, aquarium_subvault_bridge],
          aquarium_window_1, aquarium_window_corner, aquarium_view_2b,
          aquarium_pool_2, uniq_grinder
D:6:      layout_loops_ring, minmay_temple_entry_hall, uniq_blork_the_orc

Skill      XL: |  1  2  3  4  5 |
---------------+----------------+-----
Spellcasting   | 5 6 |  6.2
Stealth        | 3 |  3.8
Dodging        | 3 |  3.5
Conjurations   | 2 |  2.4
Summonings     | 2 |  2.5
Translocations | 2 |  2.4

Action                   |  1- 3 |  4- 6 || total
-------------------------+-------+-------++-------
Melee: Short sword       |     3 |     1 ||     4
       Mace              |       |     2 ||     2
 Cast: Magic Dart        |    75 |    50 ||   125
       Call Imp          |    24 |    59 ||    83
       Mephitic Cloud    |     1 |     3 ||     4
       Gell's Gravitas   |       |     3 ||     3
       Teleport Other    |       |     1 ||     1
       Blink             |       |     1 ||     1
Armor: Robe              |     4 |    10 ||    14
Dodge: Dodged            |    11 |    39 ||    50
